 Dungeon Crawl Stone Soup version 0.28-a0-612-gcfc00ec14d (webtiles) character file.

Game seed: 7058047629870427879

781 lunkers the Ruffian (level 7, 0/71 HPs)
             Began as a Troll Cinder Acolyte on Oct 5, 2021.
             Was a High Priest of Ignis.
             Shot with an arrow by a centaur (7 damage)
             ... on level 5 of the Dungeon.
             The game lasted 00:07:19 (2842 turns).

lunkers the Ruffian (Troll Cinder Acolyte)          Turns: 2842, Time: 00:07:20

Health: 0/71       AC:  4    Str: 29    XL:     7   Next: 55%
Magic:  7/7        EV:  9    Int: 10    God:    Ignis [*****.]
Gold:   405        SH:  0    Dex:  7    Spells: 8/8 levels left

rFire   + . .      SeeInvis .     - Unarmed
rCold   . . .      Faith    .   (no shield)
rNeg    . . .      Spirit   .   a - +0 robe
rPois   .          Reflect  .   (helmet restricted)
rElec   .          Harm     .   (no cloak)
rCorr   .          Rampage  .   (gloves unavailable)
Will    +....                   (boots unavailable)
Stlth   +.........              (no amulet)
HPRegen 1.21/turn               g - +6 ring of strength
MPRegen 0.10/turn               i - ring of willpower

@: no status effects
A: large, unfitting armour, claws 3, regeneration 1, shaggy fur 1, tough skin 1
a: Renounce Religion, Sea of Fire, Foxfire Swarm, Rising Flame


You were on level 5 of the Dungeon.
You worshipped Ignis.
Ignis was extremely pleased with you.
You visited 1 branch of the dungeon, and saw 5 of its levels.

You collected 405 gold pieces.

Inventory:

Missiles
 m - 33 poisoned darts (quivered)
 n - 68 stones
 o - a boomerang
Armour
 a - a +0 robe (worn)
Jewellery
 g - a +6 ring of strength (left claw)
 i - a ring of willpower (right claw)
Wands
 l - a wand of polymorph (7)
 r - a wand of mindburst (8)
Scrolls
 b - 2 scrolls of identify {unknown}
 c - a scroll of silence {unknown}
 f - a scroll of teleportation {unknown}
 p - a scroll of vulnerability {unknown}
 q - a scroll of fog {unknown}
 u - a scroll of brand weapon {unknown}
Potions
 d - a potion of might
 e - 2 potions of curing {unknown}
 h - a potion of cancellation {unknown}
 j - a potion of degeneration {unknown}
 k - a potion of attraction {unknown}
 s - 2 potions of haste {unknown}
 t - a potion of mutation {unknown}


   Skills:
 + Level 4.7 Fighting
 * Level 7.6 Unarmed Combat
 - Level 1.0 Spellcasting
 - Level 2.1 Fire Magic


You had 8 spell levels left.
You didn't know any spells.
Your spell library contained the following spells:

 Spells                   Type           Power      Damage    Failure   Level
 Scorch                   Fire           8%         2d5       22%         2
 Beastly Appendage        Tmut           0%         N/A       34%         1
 Slow                     Hex            0%         N/A       45%         2
 Wereblood                Tmut           0%         N/A       45%         2
 Confusing Touch          Hex            0%         N/A       71%         3
 Gell's Gravitas          Tloc           0%         N/A       71%         3
 Spider Form              Tmut/Pois      0%         N/A       71%         3
 Teleport Other           Tloc           0%         N/A       71%         3
 Vampiric Draining        Necr           0%         2d6       71%         3
 Dispersal                Tloc           0%         N/A       100%        6


Dungeon Overview and Level Annotations

Branches:
Dungeon (5/15)
 Temple: D:4-7

Altars:
Fedhas


Innate Abilities, Weirdness & Mutations

You are too large for most types of armour.
You have claws for hands.
Your natural rate of healing is unusually fast.
You are covered in fur. (AC +1)
You have tough skin. (AC +1)


Message History

The ogre hits you with a +0 giant club!!
You claw the ogre!
You kill the ogre!
Things that are here:
a +0 giant club; an ogre corpse You now have 385 gold pieces (gained 6).
You now have 405 gold pieces (gained 20).
A centaur comes into view.
Found a rapier.
The centaur shouts!
The centaur wields a +0 shortbow.
The centaur shoots an arrow.
The arrow hits you!
You hear a shout!
A gnoll comes into view. It is wielding a +0 spear.
The centaur shoots an arrow.
The arrow hits you!
The centaur shoots an arrow.
The arrow hits you!
The centaur shoots an arrow.
The arrow hits you!
* * * LOW HITPOINT WARNING * * *
A gnoll comes into view. It is wielding a +0 whip.
You hear a shout!
A gnoll comes into view. It is wielding a +0 flail.
The gnoll shouts!
The centaur shoots an arrow.
The arrow hits you!
* * * LOW HITPOINT WARNING * * *
The centaur shoots an arrow.
The arrow hits you!
* * * LOW HITPOINT WARNING * * *
Aiming: Mindburst
Press: ? - help, Shift-Dir - straight line, f - centaur
Aim: a centaur, wielding a +0 shortbow and quivering arrows (chance to affect: 65%)
The centaur struggles to resist.
The centaur shoots an arrow.
The arrow hits you!
* * * LOW HITPOINT WARNING * * *
Aiming: Mindburst
Press: ? - help, Shift-Dir - straight line, f/p - centaur
Aim: a centaur, wielding a +0 shortbow and quivering arrows (chance to affect: 65%)
The centaur struggles to resist.
The centaur shoots an arrow.
The arrow hits you.
* * * LOW HITPOINT WARNING * * *
The centaur shoots an arrow.
The arrow hits you!
You die...

. .## ... ... ... .# #g# #####
####. #g# #...# ....# #g# #...#
.# #.## #c# #...# ......... .##
#.# #...# ###..#.##...#. #@#
#####...#
.###....#.....##.#######.......#
..#............................#
......<.....<........####.##...#
......[..............# ##.######
.........#...........###..#
...#######.......)..###..##
....######..............##
..#....................##


You could see a centaur and 3 gnolls.

Vanquished Creatures
  Grinder (D:3)
  2 ogres
  A necrophage (D:5)
  2 hounds (D:4)
  A bullfrog skeleton (D:5)
  An iguana (D:4)
  A scorpion zombie (D:5)
  3 gnolls (D:4)
  7 adders
  2 worms
  A dart slug (D:1)
  7 orcs
  6 endoplasms
  6 giant cockroaches
  5 goblins
  8 hobgoblins
  3 jackals (D:2)
  7 kobolds
  6 quokkas
  2 ball pythons
  2 bats
  9 frilled lizards
  9 rats
92 creatures vanquished.

Vanquished Creatures (others)
  2 toadstools (D:1)
2 creatures vanquished.

Grand Total: 94 creatures vanquished

Notes
Turn   | Place    | Note
-------+----------+-------------------------------------------
     0 | D:1      | lunkers the Troll Cinder Acolyte began the quest for the
                  | Orb.
     0 | D:1      | Reached XP level 1. HP: 22/22 MP: 1/1
    78 | D:1      | Found a faded altar of an unknown god.
    98 | D:1      | Reached XP level 2. HP: 29/29 MP: 2/2
   278 | D:1      | Reached XP level 3. HP: 36/36 MP: 3/3
   586 | D:2      | Reached skill level 4 in Unarmed Combat
   691 | D:2      | Found a blossoming altar of Fedhas.
  1162 | D:3      | Reached XP level 4. HP: 38/45 MP: 4/4
  2096 | D:4      | Noticed Grinder
  2120 | D:3      | Killed Grinder
  2121 | D:3      | Reached skill level 6 in Unarmed Combat
  2121 | D:3      | Reached XP level 5. HP: 49/54 MP: 5/5
  2121 | D:3      | Reached XP level 6. HP: 57/62 MP: 6/6
  2321 | D:4      | Reached XP level 7. HP: 48/70 MP: 7/7
  2663 | D:5      | Entered Level 5 of the Dungeon
  2667 | D:5      | Reached skill level 7 in Unarmed Combat
  2842 | D:5      | Shot with an arrow by a centaur

Illustrated notes

Levels and vault maps discovered:
D:1:      dpeg_arrival_radiant, layout_rooms, basic_ecumenical_altar,
          chequers_serial_rivers_micro_e, minmay_gold_behind_fungi,
          hex_intersection, st_stairs_5
D:2:      layout_loops_ring, basic_altar
D:3:      layout_loops_ring, minmay_increasing_density
D:4:      layout_cave_pools, uniq_grinder
D:5:      layout_rooms, minmay_temple_entry_nine_rooms

Skill      XL: |  1  2  3  4  5  6  7 |
---------------+----------------------+-----
Unarmed Combat | 4 6 7 |  7.6
Fighting       | 3 4 |  4.7
Spellcasting   | |  1.0
Fire Magic     | |  2.1

Action                   |  1- 3 |  4- 6 |  7- 9 || total
-------------------------+-------+-------+-------++-------
Melee: Unarmed           |   121 |   112 |    26 ||   259
       Punch             |     1 |     3 |     1 ||     5
Throw: Dart              |       |    18 |    10 ||    28
Evoke: Wand              |       |       |     2 ||     2
  Use: Potion            |       |     1 |       ||     1
Armor: Robe              |    45 |    23 |     2 ||    70
Dodge: Dodged            |    41 |    44 |     7 ||    92

Table legend: (Time is in decaauts)
 A = Elapsed time spent in this place.
 B = Non-inter-level travel time spent in this place.
 C = Inter-level travel time spent in this place.
 D = Time resting spent in this place.
 E = Time spent auto-exploring this place.
 F = Levels seen in this place.
 G = Mean time per level.
                   A        B        C        D        E       F      G
               +--------+--------+--------+--------+--------+-----+--------+
         Total |   2821 |   2712 |    109 |      0 |   2132 |   5 |  564.2 |
       Dungeon |   2821 |   2712 |    109 |      0 |   2132 |   5 |  564.2 |
               +--------+--------+--------+--------+--------+-----+--------+

Top non-repeatable levels by time:
     D:3: 978 daAuts
     D:1: 574 daAuts
     D:2: 565 daAuts
     D:4: 526 daAuts
     D:5: 176 daAuts
